 Dungeon Crawl Stone Soup version 0.19-a0-1672-g679cadd (webtiles) character file.

112501 Goblin1989 the Carver (level 16, -24/118 HPs)
             Began as a Demonspawn Assassin on Sept 22, 2016.
             Was the Champion of Hepliaklqana.
             Killed from afar by Nikola (28 damage)
             ... with a chain lightning
             ... on level 2 of the Swamp.
             The game lasted 03:58:03 (28406 turns).

Goblin1989 the Carver (Demonspawn Assassin)        Turns: 28406, Time: 03:58:03

Health: -24/118    AC: 34    Str: 24    XL:     16   Next: 11%
Magic:  21/21      EV:  9    Int: 14    God:    Hepliaklqana [******]
Gold:   660        SH: 15    Dex: 18    Spells: 5 memorised, 4 levels left

rFire  + . .     SeeInvis .     a - +12 scimitar "Usawual" {slice, +Blink rC- Str+4 Int-5}
rCold  . . .     Gourm    .     l - +1 gold dragon armour
rNeg   . . .     Faith    .     u - +2 shield {AC+3}
rPois  +         Spirit   .     L - +1 helmet of Qosef Woa {Str+4 Int+4}
rElec  .         Dismiss  .     d - +0 cloak
rCorr  .         Reflect  .     i - +2 pair of gloves {archery}
MR     ++...     Harm     .     J - +0 pair of boots
Stlth  ..........               D - amulet of regeneration
                                h - ring of protection from magic
                                j - +4 ring of protection

@: mighty
A: reduced essence, talons 2, rugged brown scales 1, camouflage 1, nightstalker
3, powered by death 2, weak 1
a: Recall Ancestor, Ancestor Identity, Transference, Idealise, Renounce
Religion, Evoke Blink


You were on level 2 of the Swamp.
You worshipped Hepliaklqana.
Hepliaklqana was exalted by your worship.
You were hungry.

You visited 5 branches of the dungeon, and saw 23 of its levels.

You collected 2283 gold pieces.
You spent 1623 gold pieces at shops.

Inventory:

Hand Weapons
 a - the +12 scimitar "Usawual" (weapon) {slice, +Blink rC- Str+4 Int-5}
   (You bought it in a shop on level 2 of the Orcish Mines)

   It inflicts extra damage upon your enemies.
   It affects your strength (+4).
   It affects your intelligence (-5).
   It makes you vulnerable to cold.
   It lets you blink.
 b - a +0 blowgun
 w - a +3 dagger of venom
 R - the +4 long sword of Beofiafen {slice, Int+4}
   (You found it on level 4 of the Lair of Beasts)

   It inflicts extra damage upon your enemies.
   It affects your intelligence (+4).
Missiles
 c - 11 needles of confusion
 f - 2 curare-tipped needles
 E - 8 needles of sleeping
 T - a throwing net (quivered)
Armour
 d - a +0 cloak (worn)
 i - a +2 pair of gloves of archery (worn)
 l - a +1 gold dragon armour (worn)
 u - a +2 shield of protection (worn)
 J - a +0 pair of boots (worn)
 L - the +1 helmet of Qosef Woa (worn) {Str+4 Int+4}
   (You bought it in a shop on level 2 of the Orcish Mines)

   It affects your strength (+4).
   It affects your intelligence (+4).
Jewellery
 h - a ring of protection from magic (right hand)
 j - a +4 ring of protection (left hand)
 k - an uncursed ring of see invisible
 o - a +5 ring of intelligence
 D - an amulet of regeneration (around neck)
 N - an uncursed ring of protection from fire
Wands
 P - a wand of teleportation (4/9)
 Q - a wand of lightning (8/15)
 S - a wand of lightning (8/15)
 V - a wand of iceblast (8/15)
 W - a wand of iceblast (6/15)
Scrolls
 e - a scroll of fog
 m - 6 scrolls of amnesia
 q - 10 scrolls of identify
 r - 4 scrolls of remove curse
 F - 8 scrolls of enchant weapon
 I - a scroll of immolation
 K - 2 scrolls of blinking
Potions
 n - a potion of brilliance
 t - 7 potions of flight
 x - a potion of cure mutation
 z - a potion of curing
 O - a potion of cancellation
 Z - 2 potions of heal wounds
Comestibles
 g - 9 bread rations
 s - 13 fruits
 H - 17 meat rations
 M - 7 beef jerkies
 X - 7 slices of pizza


   Skills:
 + Level 11.8 Fighting
 - Level 10.3(12.7) Short Blades
 * Level 12.5(13.8) Long Blades
 - Level 1.7 Throwing
 + Level 8.9 Armour
 - Level 10.3 Dodging
 - Level 5.9 Stealth
 + Level 10.1 Shields
 - Level 3.3 Spellcasting
 - Level 9.3 Necromancy


You had 4 spell levels left.
You knew the following spells:

 Your Spells              Type           Power        Failure   Level  Hunger
a - Sticky Flame          Conj/Fire      #.......     100%        4    #####..
b - Death Channel         Necr           ####......   100%        6    #######
c - Apportation           Tloc           #.........   100%        1    #......
d - Passage of Golubria   Tloc           N/A          100%        4    #####..
e - Swiftness             Chrm/Air       #.......     100%        2    ##.....


Dungeon Overview and Level Annotations

Branches:
Dungeon (12/15)            Temple (1/1) D:6            Lair (6/6) D:8
  Swamp (2/4) Lair:3       Spider (0/4) Lair:3        Slime (0/5) Lair:5
    Orc (2/2) D:10            Elf (0/3) Orc:2

Altars:
Ashenzari
Cheibriados
Dithmenos
Elyvilon
Fedhas
Gozag
Hepliaklqana
Kikubaaqudgha
Makhleb
Okawaru
Qazlal
Ru
Sif Muna
Trog
Uskayaw
Vehumet
Xom
Yredelemnul
Zin
The Shining One

Shops:
D:9 =   D:11 [   Orc:2 *}%}*

Annotations:
D:7 braks's ghost, novice DrMo
Lair:6 1 runed door


Innate Abilities, Weirdness & Mutations

You have razor-sharp toenails.
You are partially covered in rugged brown scales. (AC +1, +3% HP)
You are completely attuned to the shadows.
You regenerate health from kills.
Your life essence is reduced. (-10% HP)
Your skin changes colour to match your surroundings (Stealth+).
You are weak. (Str -2)


Message History

Nikola is healed!
You slash Nikola!
Nikola is severely wounded.
You are feeling hungry.
Nikola gestures at you while chanting. The zap hits you!
You slice Nikola!!
Nikola is almost dead.
You slash Nikola!
Nikola is almost dead.
Nikola mumbles some strange words.
You hear a mighty clap of thunder!
The lightning arc hits you!
* * * LOW HITPOINT WARNING * * *
The lightning arc hits Nikola.
The lightning arc hits you!
* * * LOW HITPOINT WARNING * * *
The lightning arc hits Nikola.
Nikola dies!
The lightning arc hits you!
You die...

...≈♣♣...♣♣♣≈♣≈..≈≈≈≈≈≈≈
≈....♣♣♣♣§≈≈≈.≈§≈≈≈≈y≈≈≈
.≈≈≈≈♣♣≈....@.@♣♣≈...[..
.≈≈≈(§<.≈≈≈≈≈≈≈.♣≈......
...♣.≈≈≈≈≈≈≈≈≈≈♣.≈≈..≈≈ ≈
♣.≈≈≈≈≈≈)≈≈♣♣.≈≈..≈
♣♣..≈≈≈..♣♣♣♣♣.....
♣♣..≈≈≈≈.♣♣ .....
♣≈.@)....≈♣ ♣.≈≈≈.≈≈..♣
♣♣.≈≈≈.≈♣≈.♣ ♣.≈≈≈≈.†♣♣♣♣
♣.≈≈≈≈.†..♣ ≈§≈
♣♣♣♣.≈≈≈≈.≈≈.♣♣♣....
♣♣♣§≈...≈≈...≈....≈≈≈♣♣
♣♣..†≈≈..≈≈≈♣..[..≈≈≈≈.♣♣
♣♣...≈♣♣♣.≈≈.♣♣♣..≈≈≈...≈♣


There were no monsters in sight!

Vanquished Creatures
  Rupert (D:12)
  Frances (D:12)
  A thorn hunter (Swamp:1)
  A storm dragon (D:12)
  Donald (Swamp:2)
  A yaktaur captain (D:12)
  Harold (D:11)
  An ogre mage (Orc:1)
  A ghost crab (Swamp:2)
  7 hydras
  2 centaur warriors
  2 catoblepae
  6 alligators
  20 death yaks
  5 orc high priests (Orc:2)
  A fire crab (shapeshifter) (D:12)
  A swamp dragon (Swamp:2)
  A spriggan druid (Swamp:2)
  Pikel (D:8)
  5 hill giants
  7 orc knights
  2 lindwurms
  2 ugly things (D:12)
  2 manticores
  A wolf spider (Lair:6)
  2 cyclopes
  2 hornets
  Maurice (Orc:2)
  4 elephants
  A guardian serpent (Lair:6)
  6 black mambas
  13 spiny frogs
  A gargoyle (D:10)
  5 torpor snails (Lair:6)
  6 rime drakes
  A redback zombie (D:11)
  A freezing wraith (D:8)
  5 komodo dragons
  2 two-headed ogres
  2 polar bears
  3 meliai (Lair:5)
  A queen bee (Lair:5)
  7 tyrant leeches
  5 trolls
  13 blink frogs
  4 slime creatures (Swamp:1)
  A bog body (Swamp:2)
  5 dream sheep
  7 hippogriffs
  Sigmund (D:6)
  A shadow (Swamp:1)
  10 wyverns
  A spriggan (Swamp:1)
  3 basilisks
  43 yaks
  2 hungry ghosts (D:11)
  4 vampire mosquitoes (Swamp:2)
  Menkaure (D:6)
  2 mottled dragons
  3 wargs (Orc:2)
  7 swamp worms
  Edmund (D:6)
  15 water moccasins
  5 porcupines
  38 orc warriors
  2 swamp drakes
  A black bear (D:6)
  A slave (D:8)
  3 ice beasts
  12 necrophages
  15 wasps
  19 ogres
  2 phantoms
  4 centaurs
  13 crocodiles
  5 wolves (Lair:4)
  3 big kobolds
  Blork the orc (D:5)
  13 bullfrogs
  A wyvern zombie (D:11)
  5 scorpions
  34 killer bees
  11 wights
  3 howler monkeys
  3 electric eels
  A hexer (Lair:5)
  2 crimson imps
  A centaur zombie (D:12)
  3 bullfrog zombies (D:12)
  A quasit (D:9)
  A wasp zombie (D:12)
  4 hounds
  3 bullfrog skeletons
  24 orc priests
  6 jellies
  26 orc wizards
  Jessica (D:2)
  11 worker ants
  Natasha (thrice) (D:3)
  2 centaur skeletons
  11 iguanas
  A hound zombie (D:5)
  2 hound skeletons
  Robin (D:2)
  3 gnolls (D:8)
  16 adders
  75 river rats
  3 shadow imps
  3 oozes
  An adder skeleton (D:6)
  4 adder zombies
  A worm (D:2)
  2 dart slugs
  8 leopard geckos
  77 orcs
  2 ball pythons
  4 giant cockroaches
  15 hobgoblins
  12 jackals
  3 quokkas
  8 bats
  3 frilled lizards
  8 goblins
  A goblin skeleton (D:6)
  A goblin zombie (D:6)
  3 hobgoblin zombies (D:6)
  2 jackal skeletons (D:7)
  10 kobolds
  A kobold skeleton (D:6)
  A kobold zombie (D:6)
  3 orc zombies (D:6)
  2 quokka skeletons
  A quokka zombie (D:5)
  7 rats
  2 withered plants (D:12)
846 creatures vanquished.

Vanquished Creatures (collateral kills)
  3 hydras
  A death yak (Lair:5)
  A hill giant (D:11)
  An elephant (Lair:6)
  A hornet (Lair:6)
  2 cyclopes
  A slime creature (Swamp:1)
  A guardian serpent (D:12)
  2 spiny frogs
  A bog body (Swamp:1)
  A dream sheep (D:8)
  3 blink frogs
  3 yaks
  2 wyverns
  A swamp worm (Swamp:1)
  A warg (Orc:2)
  4 orc warriors
  A porcupine (Lair:2)
  A necrophage (D:12)
  A black bear (Lair:4)
  A big kobold (D:8)
  2 crocodiles
  A wyvern zombie (D:7)
  2 killer bees (Lair:5)
  A wight (D:12)
  An electric eel (Lair:2)
  3 orc priests
  An orc wizard (Orc:2)
  An iguana (Lair:2)
  2 worker ants
  An adder (Lair:6)
  13 river rats
  12 orcs
  A quokka skeleton (D:9)
  A fungus (Lair:4)
75 creatures vanquished.

Vanquished Creatures (others)
  Nikola (Swamp:2)
  A vampire mosquito (Swamp:2)
  2 slaves (D:8)
  A killer bee (Lair:5)
  A bullfrog skeleton (D:8)
  31 hexers
  4 ancestors
  A leopard gecko (D:8)
  A briar patch (Swamp:1)
  2 bushes (Lair:5)
  48 fungi
  56 plants
  2 withered plants (D:12)
151 creatures vanquished.

Grand Total: 1072 creatures vanquished

Notes
Turn   | Place    | Note
-------+----------+-------------------------------------------
     0 | D:1      | Goblin1989 the Demonspawn Assassin began the quest for the Orb.
     0 | D:1      | Reached XP level 1. HP: 16/16 MP: 1/1
   296 | D:1      | Gained mutation: You have sharp toenails. [demonic ancestry]
   296 | D:1      | Reached XP level 2. HP: 17/22 MP: 2/2
   810 | D:2      | Noticed Robin
   900 | D:2      | Noticed Jessica
   911 | D:2      | Reached XP level 3. HP: 27/27 MP: 3/3
   914 | D:2      | Killed Jessica
   987 | D:2      | Gained mutation: You regenerate a little health from kills. [demonic ancestry]
   987 | D:2      | Reached XP level 4. HP: 31/33 MP: 4/4
  1114 | D:2      | Killed Robin
  1408 | D:3      | Reached XP level 5. HP: 35/38 MP: 5/5
  1532 | D:3      | Reached skill level 5 in Stealth
  1668 | D:3      | Noticed Natasha
  1681 | D:3      | Killed Natasha
  1800 | D:3      | Noticed Natasha
  1818 | D:3      | Killed Natasha
  1831 | D:3      | Noticed Natasha
  1839 | D:3      | Killed Natasha
  1839 | D:3      | Reached XP level 6. HP: 32/44 MP: 6/6
  2091 | D:4      | Found a shattered altar of Ashenzari.
  2093 | D:4      | Found a burning altar of Makhleb.
  2510 | D:4      | Noticed an ice beast
  2541 | D:4      | Killed an ice beast
  2541 | D:4      | Reached skill level 5 in Short Blades
  2792 | D:4      | Gained mutation: You are slightly more attuned to the shadows. [demonic ancestry]
  2792 | D:4      | Reached XP level 7. HP: 13/50 MP: 7/7
  3069 | D:4      | Found a blossoming altar of Fedhas.
  3229 | D:5      | Entered Level 5 of the Dungeon
  3561 | D:5      | Noticed Blork the orc
  3565 | D:5      | Killed Blork the orc
  3890 | D:5      | Gained mutation: You have razor-sharp toenails. [demonic ancestry]
  3890 | D:5      | Reached XP level 8. HP: 42/56 MP: 8/8
  4468 | D:6      | Noticed Sigmund
  4474 | D:6      | Killed Sigmund
  4636 | D:6      | Noticed Edmund
  4642 | D:6      | Killed Edmund
  4674 | D:6      | Found a staircase to the Ecumenical Temple.
  4686 | Temple   | Entered the Ecumenical Temple
  4726 | Temple   | Became a worshipper of Hepliaklqana
  4764 | D:6      | Found a glowing golden altar of the Shining One.
  4777 | D:6      | Noticed Menkaure
  4905 | D:7      | Reached skill level 10 in Short Blades
  4938 | D:7      | Found a shimmering altar of Xom.
  5034 | D:7      | Reached * piety under Hepliaklqana
  5036 | D:7      | Reached XP level 9. HP: 54/54 MP: 9/9
  5119 | D:7      | Noticed braks's ghost (novice DrMo)
  5255 | D:7      | Noticed a troll
  5295 | D:6      | Killed Menkaure
  5532 | D:7      | Found an opulent altar of Gozag.
  5576 | D:7      | Noticed a cyclops
  6123 | D:8      | Noticed Pikel
  6201 | D:8      | Killed Pikel
  6220 | D:8      | Found a sacrificial altar of Ru.
  6258 | D:8      | Noticed a cyclops
  6520 | D:8      | Killed a cyclops
  6627 | D:8      | Turgon: !beem subscribe
  6627 | D:8      | beem: Subscribed. I will now watch all games of user Turgon
  6628 | D:8      | Noticed a freezing wraith
  6631 | D:8      | Killed a freezing wraith
  6631 | D:8      | Reached skill level 1 in Dodging
  6645 | D:8      | Noticed a centaur warrior
  6648 | D:8      | Killed a centaur warrior
  6648 | D:8      | Reached skill level 1 in Armour
  6648 | D:8      | Gained mutation: You regenerate health from kills. [demonic ancestry]
  6648 | D:8      | Reached XP level 10. HP: 73/73 MP: 10/10
  6992 | D:8      | Found a staircase to the Lair.
  7351 | D:9      | Reached ** piety under Hepliaklqana
  7352 | D:9      | Remembered your ancestor Wigmund as a hexer
  7392 | D:9      | Noticed a hill giant
  7395 | D:9      | Killed a hill giant
  7397 | D:9      | Reached skill level 10 in Fighting
  7509 | D:9      | Learned a level 4 spell: Sticky Flame
  7915 | D:9      | Found Xugem's Jewellery Shoppe.
  8170 | D:10     | Entered Level 10 of the Dungeon
  8201 | D:10     | Reached XP level 11. HP: 57/82 MP: 11/11
  8456 | D:10     | Gained mutation: Your skin changes colour to match your surroundings (Stealth+). [potion of mutation]
  8456 | D:10     | Gained mutation: You are weak. (Str -2) [potion of mutation]
  8462 | D:10     | Reached skill level 5 in Dodging
  8705 | Lair:1   | Entered Level 1 of the Lair of Beasts
  8815 | Lair:1   | Reached skill level 5 in Armour
  9219 | Lair:1   | Reached *** piety under Hepliaklqana
  9341 | Lair:1   | Learned a level 6 spell: Death Channel
 10250 | Lair:2   | Reached **** piety under Hepliaklqana
 10293 | Lair:2   | Reached skill level 1 in Necromancy
 10680 | Lair:2   | Reached skill level 1 in Spellcasting
 10946 | Lair:3   | Learned a level 1 spell: Apportation
 11280 | Lair:3   | Reached ***** piety under Hepliaklqana
 11322 | Lair:3   | Got a spiked leather armour
 11333 | Lair:3   | Identified the +3 leather armour "Feqah" {rElec rC+} (You found it on level 3 of the Lair of Beasts)
 11371 | Lair:3   | Reached skill level 5 in Necromancy
 11446 | Lair:3   | Found a staircase to the Swamp.
 11855 | Lair:3   | Noticed a four-headed hydra
 11866 | Lair:3   | Killed a four-headed hydra
 11866 | Lair:3   | Reached XP level 12. HP: 83/88 MP: 16/16
 11881 | Lair:3   | Found a hole to the Spider Nest.
 12301 | Lair:3   | Noticed a five-headed hydra
 12380 | Lair:3   | Killed a five-headed hydra
 13292 | Lair:4   | Got a transparent long sword
 13293 | Lair:4   | Identified the +4 long sword of Beofiafen {slice, Int+4} (You found it on level 4 of the Lair of Beasts)
 13603 | Lair:5   | Noticed a death yak
 13603 | Lair:5   | Noticed a death yak
 13603 | Lair:5   | Noticed a death yak
 13603 | Lair:5   | Noticed a death yak
 13603 | Lair:5   | Noticed a death yak
 13746 | Lair:5   | Noticed a catoblepas
 13845 | Lair:5   | Reached skill level 1 in Long Blades
 14505 | Lair:5   | Noticed a five-headed hydra
 15301 | D:10     | Found a staircase to the Orcish Mines.
 15760 | D:11     | Noticed a seven-headed hydra
 15955 | Orc:1    | Entered Level 1 of the Orcish Mines
 16039 | Orc:1    | Noticed an ogre mage
 16064 | Orc:1    | Killed an ogre mage
 16338 | Orc:2    | Entered Level 2 of the Orcish Mines
 16483 | Orc:2    | Found a staircase to the Elven Halls.
 16885 | Lair:5   | Found a staircase to the Slime Pits.
 17159 | Lair:5   | Reached skill level 1 in Shields
 17169 | Lair:5   | Reached skill level 10 in Dodging
 17215 | Lair:5   | Noticed a death yak
 17325 | Lair:4   | Gained mutation: You are partially covered in rugged brown scales. (AC +1, +3% HP) [demonic ancestry]
 17325 | Lair:4   | Reached XP level 13. HP: 88/96 MP: 16/18
 17860 | Lair:6   | Entered Level 6 of the Lair of Beasts
 18038 | Lair:5   | Upgraded the game from 0.19-a0-1670-gc28a5d9 to 0.19-a0-1672-g679cadd
 18307 | Orc:2    | Found Faeluw's General Store.
 18307 | Orc:2    | Noticed Maurice
 18339 | Orc:2    | Killed Maurice
 18470 | Orc:2    | Bought the +12 scimitar "Usawual" {slice, +Blink rC- Str+4 Int-5} for 921 gold pieces
 18470 | Orc:2    | Bought the +1 helmet of Qosef Woa {Str+4 Int+4} for 432 gold pieces
 18872 | Lair:4   | Reached skill level 2 in Long Blades
 18872 | Lair:4   | Reached skill level 5 in Shields
 19272 | Lair:5   | Reached skill level 3 in Long Blades
 19364 | Lair:6   | Reached skill level 4 in Long Blades
 19606 | Lair:5   | ololoev: опа, гоббер!
 19610 | Lair:5   | Goblin1989: хей
 19610 | Lair:5   | ololoev: SID: 18 18 18
 19647 | Lair:6   | Reached skill level 5 in Long Blades
 19668 | Lair:6   | ololoev: зачем ты носишь кольцо инты и стелса?
 19668 | Lair:6   | Goblin1989: сейчас поправлю
 19671 | Lair:6   | ololoev: есть же рФ, декса+2 и еще какое-то синее кольцо на Д11
 19671 | Lair:6   | ololoev: рФ конечно сейчас в леире не нужен
 19671 | Lair:6   | Goblin1989: на д 11 я не пойду
 19671 | Lair:6   | Goblin1989: там тяжело было
 19671 | Lair:6   | Goblin1989: я вообще думаю чего потяжелее одеть из брони
 19671 | Lair:6   | Goblin1989: ГДА не подойдет правда
 19671 | Lair:6   | Goblin1989: хотя лежит где-то
 19894 | Lair:6   | Reached skill level 6 in Long Blades
 20076 | Lair:6   | Reached XP level 14. HP: 91/103 MP: 19/19
 20226 | Lair:6   | Paralysed by a hornet for 2 turns
 20236 | Lair:6   | ololoev: ты орк не весь зачистил?
 20236 | Lair:6   | Goblin1989: не
 20236 | Lair:6   | Goblin1989: да меня сейчас убьют походу
 20236 | Lair:6   | Goblin1989: не хочу умирать!
 20236 | Lair:6   | ololoev: как тебя могут убить когад у теб есть блинк
 20236 | Lair:6   | Goblin1989: афк минут 25-20
 20236 | Lair:6   | Goblin1989: *15
 20236 | Lair:6   | ololoev: b abh
 20236 | Lair:6   | ololoev: и фир
 20236 | Lair:6   | ololoev: фир, куринг
 20236 | Lair:6   | ololoev: и бежать на лестницу
 20236 | Lair:6   | ololoev: и идти за ГДА
 20236 | Lair:6   | ololoev: точнее за шкуркой чтобы заэнчантить
 20436 | Lair:2   | Goblin1989: 14-4-11
 20436 | Lair:2   | Goblin1989: как-то не очень :\
 20446 | Lair:2   | ololoev: скилл армора слишком мелкий
 20446 | Lair:2   | ololoev: за то гдр и рПойз
 20725 | Orc:2    | Reached skill level 7 in Long Blades
 20737 | Orc:2    | Noticed an orc warlord
 20988 | Orc:1    | ololoev: ??gda
 20988 | Orc:1    | beem: gold dragon armour[1/4]: 12AC, 23ER, rF+ rC+ rPois. Can be created by enchanting a gold dragon hide.
 20988 | Orc:1    | ololoev: !aevp 23 6 18
 20988 | Orc:1    | beem: ER=23, str=6, armour skill=18 : -14 EV
 20995 | Orc:1    | ololoev: !aevp 23 18 6
 20995 | Orc:1    | beem: ER=23, str=18, armour skill=6 : -8 EV
 20995 | Orc:1    | ololoev: сейчас у тебя примерно -6ЕВ
 20995 | Orc:1    | ololoev: !aevp 23 18 12
 20995 | Orc:1    | beem: ER=23, str=18, armour skill=12 : -7 EV
 20995 | Orc:1    | ololoev: !aevp 23 18 20
 20995 | Orc:1    | beem: ER=23, str=18, armour skill=20 : -5 EV
 20995 | Orc:1    | ololoev: да, без силы смысла качать армор особо нет даже
 20995 | Orc:1    | ololoev: под гда
 20995 | Orc:1    | Goblin1989: хм
 20995 | Orc:1    | ololoev: под силу у тебя ничего нет сейчас
 20995 | Orc:1    | ololoev: магазины в орках прочекать надо
 20995 | Orc:1    | Goblin1989: я о том же думаю
 21060 | Orc:1    | ololoev: опрометчиво
 21060 | Orc:1    | Goblin1989: хм
 21060 | Orc:1    | Goblin1989: а я думал я исследовал орки 1
 21060 | Orc:1    | ololoev: смотри по звездочкам на лестницах
 21060 | Orc:1    | ololoev: если это 0.18+ конечно
 21060 | Orc:1    | Goblin1989: так хепл
 21060 | Orc:1    | Goblin1989: транк
 21060 | Orc:1    | Goblin1989: решил вот поиграть в него
 21145 | Orc:2    | Goblin1989: тролей красиво нарисовали
 21804 | Orc:1    | ololoev: почему ты всегда скимитаром не табаешь?
 21804 | Orc:1    | ololoev: +12 и базовый дамаг перебьют этот пойз с даггера
 21815 | Orc:1    | Goblin1989: так я стабал их
 22045 | Orc:2    | Reached skill level 8 in Long Blades
 22310 | Orc:2    | Found Duykh's Food Shop.
 22312 | Orc:2    | Found Gesoer's Gadget Boutique.
 22313 | Orc:2    | Found Neall's Gadget Shop.
 22314 | Orc:2    | Found Ysahidu's General Store.
 22324 | Orc:2    | ololoev: хреновые шопы
 22375 | Orc:2    | Goblin1989: хуже ф еще не встречал
 22375 | Orc:2    | ololoev: скролл блинка хоть есть
 22375 | Orc:2    | ololoev: и на том спасибо
 22375 | Orc:2    | Goblin1989: да там вообще ничего нет
 22375 | Orc:2    | Goblin1989: был бы я с гозагом еще про еду подумать можно было бы
 22508 | D:11     | Noticed Harold
 22518 | D:11     | Killed Harold
 22831 | D:11     | Reached skill level 9 in Long Blades
 23210 | D:11     | Found Usesuog's Antique Armour Shoppe.
 23222 | D:11     | Bought a glowing shield for 135 gold pieces
 23233 | D:11     | Bought a pair of embroidered gloves for 135 gold pieces
 23990 | D:12     | Reached skill level 10 in Long Blades
 24015 | D:12     | Reached ****** piety under Hepliaklqana
 24075 | D:12     | ololoev: # pls
 24269 | D:12     | ololoev: ты ппц
 24279 | D:12     | ololoev: одевай гда
 24395 | D:11     | ololoev: чанти
 24397 | D:11     | ololoev: 28 АС
 24397 | D:11     | ololoev: норм
 24399 | D:12     | ololoev: додж докачивай теперь
 24399 | D:12     | ololoev: чтобы ев хоть было
 24399 | D:12     | Goblin1989: невыгодно
 24399 | D:12     | ololoev: в леире кольцо протекта
 24399 | D:12     | ololoev: +4
 24399 | D:12     | ololoev: еще как вгодно
 24399 | D:12     | Goblin1989: мне шилдинг до 15 докачать нужно
 24399 | D:12     | Goblin1989: ну да, вместо интеллекта
 24399 | D:12     | ololoev: ты с ГДА можешь протект +4 вместо рФ носить
 24399 | D:12     | Goblin1989: хорошая идея
 24399 | D:12     | ololoev: будет куча АС с хорошим ГДР
 24399 | D:12     | ololoev: это лучше ЕВ
 24399 | D:12     | Goblin1989: ок
 24399 | D:12     | Goblin1989: я так и делая
 24399 | D:12     | ololoev: ну и додж качай параллельно с щитом
 24399 | D:12     | ololoev: хотя пока не
 24399 | D:12     | ololoev: пушку до минделея надо довести
 24399 | D:12     | Goblin1989: додж не нужно качать
 24399 | D:12     | ololoev: почему?
 24399 | D:12     | ololoev: еще как нужно
 24399 | D:12     | Goblin1989: после того как армор до 10 докачаю
 24399 | D:12     | ololoev: у тебя ЕВ мало
 24399 | D:12     | ololoev: армор тебе даст +1 ЕВ и +1-2АС
 24399 | D:12     | ololoev: додж даст +кучку ЕВ
 24399 | D:12     | Goblin1989: должно подняться кода армор прокачаю
 24399 | D:12     | ololoev: не поднимется
 24399 | D:12     | ololoev: с 18 силы не поднимется
 24399 | D:12     | ololoev: ты до 20 армор докачаешь и получишь с этого +3 ЕВ
 24399 | D:12     | ololoev: !aevp 23 20 18
 24399 | D:12     | beem: ER=23, str=20, armour skill=18 : -5 EV
 24399 | D:12     | ololoev: !aevp 23 18 20
 24399 | D:12     | beem: ER=23, str=18, armour skill=20 : -5 EV
 24399 | D:12     | ololoev: !aevp 23 18 7
 24399 | D:12     | beem: ER=23, str=18, armour skill=7 : -8 EV
 24399 | D:12     | ololoev: вот
 24399 | D:12     | ololoev: так что додж тоже надо качать
 24399 | D:12     | ololoev: но я бу вообще на все забил поа и пушку вкачал
 24399 | D:12     | ololoev: *бы
 24773 | Lair:5   | Gained mutation: You are significantly more attuned to the shadows. [demonic ancestry]
 24773 | Lair:5   | Reached XP level 15. HP: 108/108 MP: 20/20
 25138 | Lair:6   | Goblin1989: чуть веселее в ГДА
 25169 | Lair:6   | ololoev: hydra bites you but does no damage x8
 25481 | Lair:6   | Goblin1989: релека нет
 25483 | Lair:6   | ololoev: нинуден
 25504 | Lair:6   | Found a runed door.
 25514 | Lair:6   | ololoev: или у тебя снейки?
 25514 | Lair:6   | Goblin1989: пауки
 25514 | Lair:6   | ololoev: а
 25514 | Lair:6   | ololoev: сейчас же в пауках тоже релек нужен
 25514 | Lair:6   | ololoev: ну свампы поделаешь поа
 25514 | Lair:6   | ololoev: *поа
 25514 | Lair:6   | ololoev: да еамнарот!
 25514 | Lair:6   | ololoev: *пока
 25522 | Lair:6   | ololoev: чертова клавиатура
 25724 | Lair:6   | ololoev: пойди дракона отметель
 25766 | Lair:6   | Reached skill level 11 in Long Blades
 25816 | Lair:6   | Goblin1989: дочищу
 25816 | Lair:6   | Goblin1989: кстати
 25816 | Lair:6   | Goblin1989: бляяяяя
 25816 | Lair:6   | Goblin1989: лэйер до 6?
 25816 | Lair:6   | Goblin1989: вы серьезно?
 25816 | Lair:6   | Goblin1989: а еще два этажа?
 25901 | Lair:6   | ololoev: ты же в транке
 25901 | Lair:6   | ololoev: какие тебе еще 2 этажа
 25901 | Lair:6   | ololoev: скажи спасибо что леир вообще на месте
 26154 | D:12     | Noticed Rupert
 26157 | D:12     | Noticed Frances
 26168 | D:12     | Killed Rupert
 26199 | D:12     | Killed Frances
 26400 | D:12     | Noticed a storm dragon
 26442 | D:12     | Killed a storm dragon
 26443 | D:12     | Noticed a frost giant
 26457 | D:12     | Goblin1989: ох лол!
 26457 | D:12     | Goblin1989: 52 урона!
 26457 | D:12     | Goblin1989: я труп
 26457 | D:12     | ololoev: yt[bkj
 26457 | D:12     | ololoev: нехило
 26457 | D:12     | ololoev: а
 26457 | D:12     | ololoev: у тебя рС то есть?
 26457 | D:12     | Goblin1989: в том-то и дело, что нет :(
 26457 | D:12     | Goblin1989: блин
 26457 | D:12     | ololoev: тогда ничего удивительного
 26457 | D:12     | Goblin1989: на него фир подействует?
 26457 | D:12     | HP: 1/108 [frost giant/bolt of cold (19)]
 26599 | D:12     | Goblin1989: 1 хп был
 26599 | D:12     | Goblin1989: выбрался
 26797 | Swamp:1  | Entered Level 1 of the Swamp
 26887 | Swamp:1  | Noticed a thorn hunter
 26912 | Swamp:1  | Killed a thorn hunter
 27039 | Swamp:1  | Reached skill level 12 in Long Blades
 27540 | Swamp:1  | You fall through a shaft!
 27569 | Swamp:2  | Got a bloodstained scimitar
 27570 | Swamp:2  | Identified the cursed +3 scimitar of Sloth {slice, Str+4} (You found it on level 2 of the Swamp)
 28011 | Swamp:2  | Learned a level 4 spell: Passage of Golubria
 28014 | Swamp:2  | Learned a level 2 spell: Swiftness
 28226 | Swamp:2  | Reached skill level 10 in Shields
 28268 | Swamp:2  | Gained mutation: You are completely attuned to the shadows. [demonic ancestry]
 28268 | Swamp:2  | Reached XP level 16. HP: 118/118 MP: 21/21
 28277 | Swamp:2  | Noticed Nikola
 28340 | Swamp:2  | Noticed Donald
 28350 | Swamp:2  | Killed Donald
 28406 | Swamp:2  | HP: 4/118 [Nikola/chain lightning (13)]
 28406 | Swamp:2  | Killed Nikola
 28406 | Swamp:2  | Killed from afar by Nikola

Vault maps used:
D:1:      dpeg_arrival_solitude
D:2:      wad_floor_pattern_2, minmay_misc_feat_columns, uniq_robin,
          uniq_jessica
D:3:      uniq_natasha
D:4:      nicolae_overflow_hidden_temple, kennysheep_mini
D:5:      first_bread, uniq_blork_the_orc
D:6:      nicolae_tso_besieged_by_evil, uniq_sigmund, uniq_edmund, uniq_menkaure
D:7:      brannock_xom_greatest_gift, nicolae_gozag_seed_capital
D:8:      nicolae_ru_awakened_eye, lair_0_dummy, hangedman_ranch,
          minmay_evil_grid, uniq_pikel
D:9:      serial_shops, nicolae_shop_statue_plus
D:10:     orc_0_dummy
D:11:     serial_shops, nicolae_shop_window_shopping, uniq_harold
D:12:     thingy_vault, serial_undead, serial_undead_c, serial_undead_a,
          serial_undead_d, serial_undead_f, serial_undead_f, serial_undead_b,
          nrook_guardian_serpent_double, uniq_frances, uniq_rupert
Temple:   nicolae_temple_x_marks_the_god
Lair:2:   serial_bayou_lake_a, infiniplex_staircase_pool
Lair:3:   swamp_mist, spider_nest_entry_web_field
Lair:4:   gammafunk_lair_bear_cave, grunt_forest_stairs_basic,
          roderic_carrion_pond, lemuel_fruit_fields
Lair:5:   regret_index_tunnel_blossom, slime_dummy
Lair:6:   wormcave, hangedman_lair_tendril_chambers
Swamp:1:  evilmike_swamp_ruin_house_5, swamp_pool1, infiniplex_staircase_pool_2
Swamp:2:  evilmike_swamp_ruin_wall, uniq_jorgrun, uniq_nikola, uniq_donald
Orc:1:    mines4_lemuel
Orc:2:    st_orc_pillars, serial_shops, shop, uniq_maurice

Skill      XL: |  1  2  3  4  5  6  7  8  9 10 11 12 13 14 15 |
---------------+----------------------------------------------+-----
Short Blades   | 2 3 4 6 8 10 | 10.3
Stealth        | 4 5 |  5.9
Fighting       | 8 10 11 | 11.8
Dodging        | 2 4 7 10 | 10.3
Armour         | 1 4 5 7 8 |  8.9
Necromancy     | 5 9 |  9.3
Spellcasting   | 3 |  3.3
Long Blades    | 1 6 10 12 | 12.5
Shields        | 1 6 8 10 | 10.1
Throwing       | |  1.7

Action                   |  1- 3 |  4- 6 |  7- 9 | 10-12 | 13-15 | 16-18 || total
-------------------------+-------+-------+-------+-------+-------+-------++-------
Melee: Dagger            |    95 |   238 |   396 |  1510 |   322 |       ||  2561
       Kick              |    12 |    70 |    79 |       |       |       ||   161
       Scimitar          |       |       |       |       |  1329 |    39 ||  1368
 Fire: Blowgun           |     3 |       |       |     6 |     4 |       ||    13
Throw: Throwing net      |       |       |       |     1 |       |       ||     1
Invok: Recall Ancestor   |       |       |     1 |     5 |     6 |       ||    12
       Ancestor Life: He |       |       |       |     1 |       |       ||     1
Evoke: Wand              |       |       |     3 |     7 |     6 |       ||    16
  Use: Scroll            |     3 |     6 |     3 |    15 |    15 |       ||    42
       Potion            |       |       |     3 |     8 |     6 |     1 ||    18
 Stab: Sleeping          |     5 |     9 |    38 |    62 |    24 |       ||   138
       Distracted        |       |       |     4 |    16 |    25 |     1 ||    46
       Confused          |       |       |       |    14 |    25 |       ||    39
       Held in net/web   |       |       |       |     1 |       |       ||     1
       Paralysed         |       |       |       |       |    18 |       ||    18
  Eat: Chunk             |       |     2 |    11 |    23 |    28 |       ||    64
       Bread ration      |       |     1 |       |       |       |       ||     1
       Fruit             |       |       |     2 |     6 |     1 |     1 ||    10
       Royal jelly       |       |       |       |     2 |     4 |       ||     6
       Pizza             |       |       |       |     2 |       |       ||     2
Armor: Robe              |     7 |       |       |       |       |       ||     7
       Mottled dragon ar |    34 |    79 |    86 |   103 |       |       ||   302
       Mottled dragon hi |     2 |       |       |       |       |       ||     2
       Leather armour    |       |       |       |   116 |   148 |       ||   264
       Gold dragon armou |       |       |       |       |   342 |    20 ||   362
Dodge: Dodged            |    58 |   110 |   118 |   743 |   624 |     5 ||  1658
Block: Shield            |       |       |       |       |   749 |    21 ||   770
